 Dungeon Crawl Stone Soup version 0.16-a0-778-g0731923 (webtiles) character file.

118 Psiweapon the Grasshopper (level 5, -1/26 HPs)
             Began as a Vine Stalker Warper on Sept 25, 2014.
             Was a Plaything of Xom.
             Slain by a white imp (3 damage)
             ... summoned by Xom
             ... on Level 4 of the Dungeon.
             The game lasted 00:10:03 (1870 turns).

Psiweapon the Grasshopper (Vine Stalker Warper)     Turns: 1870, Time: 00:10:03

HP  -1/26        AC  5     Str 14      XL: 5   Next:  2%
MP   0/11        EV 11     Int 14      God: Xom
Gold 171         SH  0     Dex 13      Spells:  2 memorised,  5 levels left

rFire  . . .     SeeInvis .     a - +0 hand axe
rCold  . . .     Clarity  .     b - +0 leather armour
rNeg   . . .     rCorr    .     (no shield)
rPois  .         rRot     +     (no helmet)
rElec  .         Spirit   +     j - +0 cloak
SustAb .         Warding  .     x - +0 pair of gloves
rMut   .         Stasis   .     (no boots)
Gourm  .                        o - amulet of faith
MR     .....                    (no ring)
                                y - ring of flight

@: not resistant to hostile enchantments, very unstealthy
A: fangs 2, regeneration 1, magic shield, antimagic bite, no device heal 3, rot
immunity
a: Renounce Religion, Evoke Flight


You were on level 4 of the Dungeon.
You worshipped Xom.
You were a very special plaything of Xom.
You were not hungry.

You visited 1 branch of the dungeon, and saw 4 of its levels.

You collected 171 gold pieces.

Inventory:

Hand weapons
 a - a +0 hand axe (weapon)
Missiles
 e - 4 tomahawks of dispersal (quivered)
 h - 11 silver sling bullets
 q - 17 bolts
 s - 5 javelins
 t - a tomahawk
Armour
 b - a +0 leather armour (worn)
 j - a +0 cloak (worn)
 p - a +0 pair of gloves
 x - a +0 pair of gloves (worn)
Comestibles
 f - 2 bread rations
 i - 3 meat rations
 m - a slice of pizza
 r - 2 rotting chunks of hobgoblin flesh
Scrolls
 d - 2 scrolls of blinking
 n - a scroll of recharging {unknown}
Jewellery
 o - an amulet of faith (around neck)
 y - a ring of flight (left hand)
Potions
 g - 2 potions of curing
 k - a potion of invisibility
 l - a potion of agility {unknown}
 z - a potion of cure mutation
Books
 c - a book of Spatial Translocations

   Spells                             Type                      Level
   *Apportation                       Translocation                1
   *Blink                             Translocation                2
   Shroud of Golubria                 Charms/Translocation         2
   Portal Projectile                  Translocation                3
   Teleport Other                     Translocation                3
   Passage of Golubria                Translocation                4


   Skills:
 - Level 2.0 Fighting
 + Level 2.8 Axes
 - Level 1.1 Throwing
 + Level 1.9 Armour
 - Level 2.0 Dodging
 - Level 2.1 Spellcasting
 + Level 3.7 Translocations


You had 5 spell levels left.
You knew the following spells:

 Your Spells              Type           Power        Failure   Level  Hunger
a - Apportation           Tloc           ##........   6%          1    #......
b - Blink                 Tloc           N/A          10%         2    ###....


Dungeon Overview and Level Annotations

Branches:
Dungeon (4/15)
 Temple: D:4-7

Altars:
Dithmenos
Xom


Innate Abilities, Weirdness & Mutations

You have extremely sharp teeth.
Your natural rate of healing is unusually fast.
When hurt, damage is shared between your health and your magic reserves.
Your bite disrupts and absorbs the magic of your enemies.
Potions and wands cannot restore your health.
You are immune to rotting.


Message History

The white imp is severely wounded.
The white imp barely misses you.
The white imp hits you but does no damage. x2
The white imp gestures at you. The puff of frost hits you!
You hit the white imp.
You kill the white imp!
You feel less woody.
Your +0 cloak unmelds from your body.
Your +0 pair of gloves unmelds from your body.
Your +0 leather armour unmelds from your body.
The white imp hits you.
* * * LOW HITPOINT WARNING * * *
The white imp freezes you.
* * * LOW HITPOINT WARNING * * *
You barely miss the white imp. Your bite misses the white imp.
The white imp hits you but does no damage.
You hit the white imp but do no damage. The white imp hits you.
You die...
Xom yawns loudly!

# #§§ #§§§§ ##§§§§.
########## .§§§§..
........<##).§..._.
########.(@5...§...
######.§§... §§. .


You could see a white imp.

Vanquished Creatures
  An orc wizard (D:4)
  A gnoll (D:1)
  3 adders (D:2)
  A white imp (D:4)
  A worm (D:2)
  2 giant geckos
  4 orcs (D:4)
  6 hobgoblins
  A ball python (D:1)
  3 bats (D:1)
  4 giant cockroaches (D:1)
  A giant newt (D:2)
  7 goblins
  7 kobolds
  9 rats
51 creatures vanquished.

Notes
Turn   | Place    | Note
--------------------------------------------------------------
     0 | D:1      | Psiweapon, the Vine Stalker Warper, began the quest for the Orb.
     0 | D:1      | Reached XP level 1. HP: 11/11 MP: 3/3
    35 | D:1      | Reached skill level 1 in Throwing
   112 | D:1      | Reached skill level 1 in Armour
   162 | D:1      | Reached XP level 2. HP: 15/15 MP: 5/5
   248 | D:1      | Learned a level 2 spell: Blink
   332 | D:1      | Reached XP level 3. HP: 1/18 MP: 1/7
   902 | D:2      | Reached XP level 4. HP: 23/23 MP: 8/8
  1120 | D:2      | Found a shadowy altar of Dithmenos.
  1453 | D:2      | Found a shimmering altar of Xom.
  1455 | D:2      | Found a shimmering altar of Xom.
  1456 | D:2      | Found a shimmering altar of Xom.
  1462 | D:2      | Became a worshipper of Xom of Chaos
  1811 | D:3      | XOM: mild Necr miscast
  1818 | D:4      | Found a shadowy altar of Dithmenos.
  1852 | D:4      | Reached XP level 5. HP: 11/26 MP: 6/11
  1854 | D:4      | XOM: summons 2 hostile demons
  1868 | D:4      | HP: 1/26 [white imp[Xom] (3)]
  1870 | D:4      | Slain by a white imp

Action                   |  1- 3 |  4- 6 || total
-------------------------+-------+-------++-------
Melee: Hand axe          |    96 |    88 ||   184
Throw: Tomahawk          |     1 |       ||     1
  Use: Potion            |       |     6 ||     6
       Scroll            |       |     3 ||     3
 Stab: Sleeping          |       |     1 ||     1
  Eat: Chunk             |       |     3 ||     3
